 Dungeon Crawl Stone Soup version 0.22-a0-443-g17c3723 (webtiles) character file.

1855 iamserjio the Cleaver (level 9, -3/93 HPs)
             Began as an Ogre Gladiator on May 31, 2018.
             Was a Believer of Okawaru.
             Slain by a hornet (12 damage)
             ... on level 7 of the Dungeon.
             The game lasted 00:15:25 (10538 turns).

iamserjio the Cleaver (Ogre Gladiator)             Turns: 10538, Time: 00:15:26

Health: -3/93      AC:  6    Str: 20    XL:     9   Next: 12%
Magic:  10/11      EV: 13    Int:  9    God:    Okawaru [**....]
Gold:   276        SH: 16    Dex: 13    Spells: 8/8 levels left

rFire    + . .     SeeInvis .   a - +0 war axe
rCold    . . .     Gourm    .   G - +0 large shield (curse)
rNeg     . . .     Faith    .   s - +2 robe {rF+}
rPois    .         Spirit   .   c - +0 hat
rElec    .         Reflect  .   I - +0 cloak
rCorr    .         Harm     .   (gloves unavailable)
MR       .....                  (boots unavailable)
Stlth    +++.......             (no amulet)
HPRegen  0.25/turn              n - ring of wizardry
MPRegen  0.12/turn              (no ring)

@: heroism, slowed, very slow
A: large, unfitting armour, tough skin 1
a: Heroism, Renounce Religion


You were on level 7 of the Dungeon.
You worshipped Okawaru.
Okawaru was pleased with you.
You were not hungry.

You visited 2 branches of the dungeon, and saw 8 of its levels.

You collected 328 gold pieces.
You spent 52 gold pieces at shops.

Inventory:

Hand Weapons
 a - a +0 war axe (weapon)
 j - a +0 hand axe of holy wrath
 u - a +3 mace
 F - a cursed -2 flail
Missiles
 d - 4 throwing nets (quivered)
Armour
 b - a +0 robe
 c - a +0 hat (worn)
 s - a +2 robe of fire resistance (worn)
 G - a cursed +0 large shield (worn)
 I - a +0 cloak (worn)
Jewellery
 n - a ring of wizardry (left hand)
Wands
 q - a wand of disintegration (14)
 v - a wand of polymorph (21)
 E - a wand of iceblast (8)
 H - a wand of flame (17)
Scrolls
 g - 7 scrolls of remove curse
 i - 7 scrolls of teleportation
 m - 2 scrolls of fear
 o - a scroll of immolation {unknown}
 p - 2 scrolls of magic mapping
 w - 3 scrolls of amnesia
 y - 2 scrolls of fog {unknown}
 A - 2 scrolls of enchant armour {unknown}
 B - a scroll of brand weapon {unknown}
 D - 2 scrolls of blinking
 K - a scroll of summoning {unknown}
Potions
 e - a potion of brilliance
 h - a potion of ambrosia {unknown}
 k - 2 potions of curing
 l - a potion of magic {unknown}
 r - a potion of agility {unknown}
 t - a potion of degeneration {unknown}
 x - 2 potions of heal wounds {unknown}
 z - a potion of resistance {unknown}
 C - a potion of lignification {unknown}
Comestibles
 f - 6 rations


   Skills:
 + Level 7.5(12.5) Fighting
 * Level 8.2(13.2) Axes
 - Level 2.0(7.0) Throwing
 + Level 5.5(10.5) Dodging
 + Level 2.3(7.3) Shields
 - Level 3.1 Invocations


You had 8 spell levels left.
You didn't know any spells.
Your spell library contained the following spells:

 Spells                   Type           Power        Failure   Level  Hunger
 Confuse                  Hex            #.......     91%         3    ####...
 Tukima's Dance           Hex            #.......     91%         3    ####...
 Ensorcelled Hibernation  Hex/Ice        #.....       75%         2    ###....
 Corona                   Hex            #......      61%         1    ##.....
 Dazzling Spray           Conj/Hex       #.....       91%         3    ####...


Dungeon Overview and Level Annotations

Branches:
Dungeon (7/15)             Temple (1/1) D:4

Altars:
Ashenzari
Cheibriados
Elyvilon
Fedhas
Gozag
Hepliaklqana
Kikubaaqudgha
Makhleb
Nemelex Xobeh
Okawaru
Qazlal
Ru
Sif Muna
Trog
Uskayaw
Wu Jian
Xom
Yredelemnul
Zin
The Shining One

Shops:
D:7 [%

Annotations:
D:6 Zorot's ghost, novice DrCK


Innate Abilities, Weirdness & Mutations

You are too large for most types of armour.
You have tough skin. (AC +1)


Message History

You feel as though you will be slow longer.
You feel very sick. The hornet stings you!
You feel as though you will be slow longer.
You can move again.
You hit the hornet but do no damage.
The hornet is severely wounded.
You feel very sick. The hornet barely misses you.
The hornet closely misses you.
You barely miss the hornet.
The hornet is heavily wounded.
You feel sick. The hornet stings you!
* * * LOW HITPOINT WARNING * * *
You feel as though you will be slow longer.
The hornet barely misses you.
You feel better. The hornet stings you!
* * * LOW HITPOINT WARNING * * *
You feel as though you will be slow longer.
The hornet stings you!
You die...

##.# ##..## # #..##
##..## ## ##...####..##
.#####....##...##
..............##
..............#
#.............##
#########......#######..
##......@y......
##.......######
######### # ##


You could see a hornet.

Vanquished Creatures
  The ghost of Pawles22 the Destroyer, a novice TeCj of Vehumet (D:7)
  2 orc warriors
  An ice beast (D:6)
  2 ogres (D:7)
  3 centaurs
  A bullfrog (D:7)
  Blork the orc (D:6)
  2 bullfrog zombies
  3 crimson imps
  A hound (D:4)
  A jelly (D:7)
  An orc priest (D:7)
  2 orc wizards (D:7)
  A centaur skeleton (D:4)
  An iguana (D:4)
  A worker ant (D:4)
  A hound skeleton (D:4)
  4 gnolls (D:2)
  7 adders
  2 shadow imps (D:7)
  An ooze (D:3)
  4 worms
  3 dart slugs (D:3)
  8 leopard geckos
  13 orcs
  9 bats
  5 giant cockroaches
  3 goblins
  2 hobgoblins
  7 jackals
  3 quokkas
  2 ball pythons
  A ball python skeleton (D:3)
  3 frilled lizards
  2 kobolds
  5 rats
109 creatures vanquished.

Notes
Turn   | Place    | Note
-------+----------+-------------------------------------------
     0 | D:1      | iamserjio the Ogre Gladiator began the quest for the Orb.
     0 | D:1      | Reached XP level 1. HP: 22/22 MP: 1/1
   255 | D:1      | Reached XP level 2. HP: 31/31 MP: 2/2
   942 | D:2      | Reached XP level 3. HP: 23/37 MP: 3/3
  2040 | D:2      | Reached skill level 4 in Axes
  2040 | D:2      | Reached XP level 4. HP: 29/46 MP: 4/4
  3106 | D:3      | Reached XP level 5. HP: 54/54 MP: 5/5
  3570 | D:3      | Found a shattered altar of Ashenzari.
  4099 | D:4      | Found a staircase to the Ecumenical Temple.
  4106 | D:4      | Reached skill level 5 in Axes
  4106 | D:4      | Reached XP level 6. HP: 50/63 MP: 6/6
  4113 | Temple   | Entered the Ecumenical Temple
  4336 | Temple   | Became a worshipper of Warmaster Okawaru
  4975 | D:4      | Found a glowing silver altar of Zin.
  4975 | D:4      | Found a sacrificial altar of Ru.
  4980 | D:4      | Found a hazy altar of Hepliaklqana.
  4982 | D:4      | Found a bloodstained altar of Trog.
  4983 | D:4      | Found a snail-covered altar of Cheibriados.
  5120 | D:5      | Entered Level 5 of the Dungeon
  5153 | D:5      | Reached skill level 5 in Fighting
  5229 | D:5      | Reached skill level 1 in Invocations
  6058 | D:6      | Noticed Zorot's ghost (novice DrCK)
  6059 | D:6      | Noticed an ice beast
  6411 | D:6      | Noticed an orc warrior
  6413 | D:6      | Noticed Blork the orc
  6423 | D:6      | Killed an orc warrior
  6423 | D:6      | Reached * piety under Okawaru
  6423 | D:6      | Reached XP level 7. HP: 52/72 MP: 6/8
  6771 | D:6      | Killed Blork the orc
  6771 | D:6      | Reached skill level 6 in Axes
  8680 | D:7      | Found Necsuni's Armour Shop.
  8692 | D:7      | Reached XP level 8. HP: 70/83 MP: 6/10
  8842 | D:7      | Reached skill level 7 in Axes
  9051 | D:7      | Bought a cursed +0 large shield for 52 gold pieces
  9109 | D:7      | Noticed Pawles22's ghost (novice TeCj)
  9148 | D:7      | HP: 4/84 [Pawles22's ghost/vampiric draining (20)]
  9504 | D:7      | Killed Pawles22's ghost
  9504 | D:7      | Reached skill level 5 in Dodging
  9504 | D:7      | Reached skill level 1 in Shields
  9733 | D:7      | Found Daelu's Food Boutique.
 10049 | D:7      | Reached ** piety under Okawaru
 10137 | D:7      | Reached skill level 8 in Axes
 10137 | D:7      | Reached XP level 9. HP: 51/93 MP: 11/11
 10525 | D:7      | Noticed a hornet
 10533 | D:7      | Paralysed by a hornet for 2 turns
 10538 | D:7      | Slain by a hornet

Vault maps used:
D:1:      matt_arrival_los_fun
D:2:      first_ration
D:3:      nicolae_ashenzari_panopticon
D:4:      chequers_temple_overflow_minitemple, minmay_temple_entry_overgrown
D:6:      enter_ossuary_1, uniq_blork_the_orc
D:7:      serial_shops, shop, shop, kennysheep_generic_room_12
Temple:   regret_index_temple_generic_petals

Skill      XL: |  1  2  3  4  5  6  7  8 |
---------------+-------------------------+-----
Fighting       | 3 4 5 6 7 |  7.5
Dodging        | 3 4 5 |  5.5
Axes           | 4 5 6 8 |  8.2
Invocations    | 1 2 3 |  3.1
Shields        | 2 |  2.3
Throwing       | |  2.0

Action                   |  1- 3 |  4- 6 |  7- 9 || total
-------------------------+-------+-------+-------++-------
Melee: War axe           |   104 |   174 |   126 ||   404
       Hand axe          |       |    10 |    80 ||    90
       Punch             |       |       |     3 ||     3
Throw: Throwing net      |       |       |     2 ||     2
Invok: Heroism           |       |       |     9 ||     9
Evoke: Wand              |       |     3 |     2 ||     5
  Use: Scroll            |       |     7 |     2 ||     9
       Potion            |       |       |     1 ||     1
 Stab: Sleeping          |     1 |     1 |     1 ||     3
  Eat: Chunk             |     2 |    12 |     6 ||    20
       Ration            |       |     1 |     2 ||     3
Armor: Robe              |    76 |    41 |    37 ||   154
       Skin              |       |       |     1 ||     1
Dodge: Dodged            |   110 |   143 |    86 ||   339
Block: Large shield      |       |       |    60 ||    60

Table legend:
 A = Spawn XP
 B = Non-spawn XP
 C = Spawn XP percentage of total XP
 D = Spawn monster count
 E = Non-spawn monster count
 F = Spawn count percentage of total count
 G = Total turns spent on level
                    A         B        C        D         E        F      G
               +---------+---------+-------+---------+---------+-------+---------
         Total |       0 |    2650 |   0.0 |       0 |     109 |   0.0 | 10538
               +---------+---------+-------+---------+---------+-------+---------
           D:1 |       0 |      24 |   0.0 |       0 |      13 |   0.0 |  1245
           D:2 |       0 |     123 |   0.0 |       0 |      22 |   0.0 |  1720
           D:3 |       0 |      86 |   0.0 |       0 |      22 |   0.0 |   765
           D:4 |       0 |     203 |   0.0 |       0 |      13 |   0.0 |  1135
           D:5 |       0 |     168 |   0.0 |       0 |       8 |   0.0 |  2483
           D:6 |       0 |     522 |   0.0 |       0 |      11 |   0.0 |  1315
           D:7 |       0 |    1524 |   0.0 |       0 |      20 |   0.0 |  1620
               +---------+---------+-------+---------+---------+-------+---------
